cohdb
Replays
Latest Replays
All Replays
Popular Replays
Top Player Replays
Match Explorer
How It Works
Community
CoH3 Stats
Reddit
Sign in to upload your games and track your stats! →
Sign in with Steam
Match 41992941
Unlisted
Match 41992941
Overview
Messages
Build Orders
End
Kradschützen Motorcycle Team
Panzergrenadier Squad
Panzergrenadier Squad
Construct Light Support Kompanie
MG34 Team
Panzerjäger Squad
Construct Mechanized Kompanie
Assault Mechanized Group
Support Armor Elements
StuG III D Assault Gun
MG34 Team
Marder III Tank Destroyer
MG34 Team
Combat Half-tracks
2.5-tonne Medical Truck
Assault Mechanized Group
Selects Battlefield Espionage Battlegroup
Selects Intel Disruption Beacon
Selects Plunder
Selects Firestorm
Construct Panzerarmee Kommand
Firestorm
Armored Reserves
Firestorm
Selects 250/3 Funkpanzerwagen
Selects Advanced Ambush Training
Tiger Heavy Tank
Assault Grenadier Squad
Selects Operation Skorpion
Kenan
Cpt.Ray
CiachBajera
Dahlian
Random_Target
Turtleboy
0
0
Comments
sign in to comment!
No comments posted yet!